 Dungeon Crawl Stone Soup version 0.31-a0-185-g9dded2c639 (webtiles) character file.

Game seed: 9917776632698529088

28 qw the Shooter (level 3, 0/20 HPs)
             Began as a Deep Elf Hunter on June 22, 2023.
             Slain by a goblin
             ... wielding a +0 club
             ... led by Robin
              (2 damage)
             ... on level 1 of the Dungeon.
             The game lasted 00:00:13 (1148 turns).

qw the Shooter (Deep Elf Hunter)                    Turns: 1148, Time: 00:00:13

Health: 0/20       AC:  6    Str: 10    XL:     3   Next: 0%
Magic:  5/5        EV:  9    Int: 13    God:
Gold:   65         SH:  0    Dex: 18    Spells: 2/2 levels left

rFire   . . .        Y - +0 shortbow
rCold   . . .        (shield currently unavailable)
rNeg    . . .        e - +0 scale mail
rPois   .            (no helmet)
rElec   .            (no cloak)
rCorr   .            (no gloves)
SInv    .            (no boots)
Will    .....        (no amulet)
Stlth   +            (no ring)
HPRegen 0.23/turn    (no ring)
MPRegen 0.09/turn

%: no passive effects
@: no status effects
A: no striking features
a: no special abilities


You were on level 1 of the Dungeon.
You visited 1 branch of the dungeon, and saw 2 of its levels.

You collected 65 gold pieces.


   Skills:
 - Level 1.5 Fighting
 + Level 6.6 Ranged Weapons
 - Level 2.4 Dodging
 - Level 1.2 Stealth


You had 2 spell levels left.
You didn't know any spells.
Your spell library was empty.

Inventory:

Hand Weapons
 Y - a +0 shortbow (weapon)
Armour
 e - a +0 scale mail (worn)
Scrolls
 a - a scroll of identify
Potions
 b - a potion of mutation {unknown}

Dungeon Overview and Level Annotations

Branches:
Dungeon (2/15)

Altars:


Message History

You shoot an arrow. The arrow hits the adder!
You kill the adder!
The goblin barely misses you. The goblin hits you but does no damage.
The goblin hits you with a +0 club. The ball python closely misses you.
The ball python grabs you. The ball python constricts you.
You shoot an arrow. The arrow hits the ball python.
You kill the ball python!
A frilled lizard comes into view.
The goblin hits you with a +0 dagger.
The goblin hits you but does no damage. x2
The goblin closely misses you. The goblin hits you but does no damage.
The goblin barely misses you.
1143 ||| STAIRDANCE The frilled lizard hisses angrily.
The goblin hits you but does no damage. The goblin closely misses you. x2
The goblin hits you with a +0 dagger.
You climb upwards.
There is a stone staircase leading down here.
Enter note:
Enter note:
Enter note:
Enter note: You shoot an arrow.
The arrow hits the goblin but does no damage.
The goblin closely misses you. The goblin barely misses you.
The goblin hits you but does no damage. The goblin hits you with a +0 dagger.
You shoot an arrow. The arrow hits the goblin.
You kill the goblin!
The goblin hits you with a +0 dagger. The goblin hits you with a +0 club.
The goblin hits you but does no damage. x4
You have reached level 3!
Your experience leads to an increase in your attributes!
Increase (S)trength, (I)ntelligence, or (D)exterity?
You feel stronger. x2
You shoot an arrow. The arrow barely misses the goblin.
The goblin hits you but does no damage. The goblin barely misses you.
The goblin hits you with a +0 dagger.
You shoot an arrow. The arrow barely misses the goblin.
The goblin hits you but does no damage. The goblin barely misses you.
The goblin hits you but does no damage. x2; The goblin hits you with a +0 club.
You die...

########......#?######...........
..............#.#................
###############.#####..........#.
....####........#####).#..#.#..#.
###......########.............##.
#....###.#........##.####.#.#.##.
#....# #>#.##......#...........#.
#....# #.#.##.###).#.#########.#.
#....###.#.#...g@g.#.# ###.#.
#........#.####g####.#### #...#.
#..................#.#..# #.....
.........#.##..).#.#.#..####.....
.................#.#.#...........
......###........#.#.............
......# #........#.#..#####.##...
......# #..........#..#.....####.
......# #.......####..#.########.


You could see 3 goblins.

Vanquished Creatures
  An adder (D:2)
  A dart slug (D:1)
  3 hobgoblins
  A kobold (D:1)
  A quokka (D:1)
  2 ball pythons
  3 bats (D:1)
  3 goblins
15 creatures vanquished.

Notes
Turn   | Place    | Note
-------+----------+-------------------------------------------
     0 | D:1      | qw the Deep Elf Hunter began the quest for the Orb.
     0 | D:1      | Reached XP level 1. HP: 12/12 MP: 3/3
     0 | D:1      | 0 ||| qw: Version: 0.3-a-9-g12657ce
     0 | D:1      | 0 ||| qw: Game counter: 1752
     0 | D:1      | 0 ||| qw: Always use a shield: true
     0 | D:1      | 0 ||| qw: God list: Okawaru
     0 | D:1      | 0 ||| qw: Allow faded altars: false
     0 | D:1      | 0 ||| qw: Do Orc after D:15 true
     0 | D:1      | 0 ||| qw: Do second Lair branch before Depths: true
     0 | D:1      | 0 ||| qw: Lair rune preference: random
     0 | D:1      | 0 ||| qw: Plans: Normal
     0 | D:1      | 0 ||| PLANNING D:1-11
   340 | D:1      | Reached skill level 6 in Ranged Weapons
   340 | D:1      | Reached XP level 2. HP: 16/16 MP: 4/4
   575 | D:1      | 575 ||| UPGRADING to +0 scale mail.
   585 | D:1      | 585 ||| DROPPING +0 leather armour.
   586 | D:1      | 586 ||| READING 2 scrolls labelled RIXZOR KIKO.
   587 | D:1      | 587 ||| DROPPING scroll of butterflies.
  1143 | D:2      | 1143 ||| STAIRDANCE
  1146 | D:1      | HP: 4/16 [goblin/+0 dagger[Robin] (2)]
  1147 | D:1      | Reached XP level 3. HP: 3/20 MP: 5/5
  1148 | D:1      | Slain by a goblin

Levels and vault maps discovered:
D:1:      mrwooster_arrival_statue, layout_basic, serial_co_window_serial,
          co_window_of_opportunity_a, co_window_cross_1, co_window_paths_a,
          co_window_corner_a, co_window_corner_a, co_window_of_opportunity_a,
          co_window_paths_b, co_window_corner_b, co_window_corner_b,
          co_window_of_opportunity_b, co_window_paths_c, co_window_4corner_b,
          co_window_4corner_a, glass_columns_a, glass_columns_b
D:2:      layout_basic, basic_altar, minmay_fractal_squares_5, uniq_robin,
          uniq_sigmund

Skill      XL: |  1 |
---------------+----+-----
Ranged Weapons | 6 |  6.6
Fighting       | |  1.5
Dodging        | |  2.4
Stealth        | |  1.2

Action                     || total
---------------------------++-------
   Fire: Shortbow          ||    34
    Use: Scroll            ||     1
 Armour: Leather armour    ||     1
         Scale mail        ||    18
  Dodge: Dodged            ||    16

Table legend:
 A = Non-vault XP
 B = Vault XP
 C = Vault XP percentage of total XP
 D = Non-vault monster count
 E = Vault monster count
 F = Vault count percentage of total count
                 A         B        C        D         E       F
            +---------+---------+-------+---------+---------+-------
      Total |      35 |       6 |  14.6 |      12 |       3 |  20.0
            +---------+---------+-------+---------+---------+-------
        D:1 |      19 |       2 |   9.5 |      10 |       1 |   9.1
        D:2 |      16 |       4 |  20.0 |       2 |       2 |  50.0
            +---------+---------+-------+---------+---------+-------
